 Dungeon Crawl Stone Soup version 0.26-a0-639-g72c4674329 (webtiles) character file.

Game seed: 16383712421722551284

13440 KristoblXynda the Grappler (level 11, -5/88 HPs)
             Began as a Troll Hedge Wizard on Sept 16, 2020.
             Was a Priest of Ashenzari.
             Shot with an arrow by a centaur warrior (19 damage)
             ... on level 12 of the Dungeon.
             The game lasted 00:22:02 (10971 turns).

KristoblXynda the Grappler (Troll Hedge Wizard)    Turns: 10971, Time: 00:22:03

Health: -5/88      AC:  8    Str: 20    XL:     11   Next: 75%
Magic:  13/13      EV: 13    Int: 12    God:    Ashenzari [***...]
Gold:   423        SH:  0    Dex: 10    Spells: 6/14 levels left

rFire    + + .     SeeInvis +     - Unarmed
rCold    + + .     Faith    .   (no shield)
rNeg     . . .     Spirit   .   z - +2 robe {rC+ rF+} (curse)
rPois    +         Reflect  .   c - +0 hat
rElec    .         Harm     .   o - scarf {rC+ rF+}
rCorr    .         Rampage  .   (gloves unavailable)
MR       .....                  (boots unavailable)
Stlth    +.........             p - amulet of regeneration (curse)
HPRegen  1.04/turn              n - ring of poison resistance (curse)
MPRegen  0.13/turn              (no ring)

@: barbed spikes
A: large, unfitting armour, claws 3, regeneration 1, shaggy fur 1, tough skin 3
a: Curse Item, Scrying, Renounce Religion


You were on level 12 of the Dungeon.
You worshipped Ashenzari.
Ashenzari was most pleased with you.
You visited 2 branches of the dungeon, and saw 13 of its levels.

You collected 800 gold pieces.
You spent 377 gold pieces at shops.

Inventory:

Hand Weapons
 v - a +1 scimitar of flaming
Armour
 c - a +0 hat (worn)
 h - a +1 robe of the Archmagi
 o - a scarf of resistance (worn)
 z - a cursed +2 robe of resistance (worn)
Jewellery
 n - a cursed ring of poison resistance (left claw)
 p - a cursed amulet of regeneration (around neck)
 y - an uncursed amulet of the acrobat
Wands
 d - a wand of iceblast (3)
Scrolls
 b - 3 scrolls of teleportation
 f - 2 scrolls of magic mapping
 g - a scroll of fear
 k - a scroll of fog
 s - 6 scrolls of amnesia
 t - 7 scrolls of remove curse
Potions
 e - 2 potions of might
 i - 2 potions of cancellation
 j - 2 potions of lignification
 l - 5 potions of curing
 m - 4 potions of haste
 q - 2 potions of invisibility
 r - a potion of brilliance
 u - 2 potions of heal wounds
 w - 2 potions of ambrosia
 C - a potion of berserk rage


   Skills:
 + Level 8.1 Dodging
 - Level 1.0 Stealth
 + Level 11.2 Unarmed Combat
 - Level 2.0 Spellcasting
 + Level 7.2(9.1) Conjurations
   Level 0.6(1.5) Summonings
   Level 0.6(1.5) Translocations
 + Level 3.1(4.8) Transmutations
 - Level 5.8(7.7) Earth Magic


You had 6 spell levels left.
You knew the following spells:

 Your Spells              Type           Power        Failure   Level
a - Magic Dart            Conj           ###.         1%          1
b - Petrify               Tmut/Erth      ###.....     21%         4
c - Mephitic Cloud        Conj/Pois/Air  #.......     22%         3

Your spell library contained the following spells:

 Spells                   Type           Power        Failure   Level
 Beastly Appendage        Tmut           ##....       3%          1
 Wereblood                Tmut           ##......     6%          2
 Conjure Flame            Conj/Fire      ##......     12%         3
 Blink                    Tloc           N/A          22%         2
 Call Imp                 Summ           #.......     22%         2
 Spider Form              Tmut/Pois      #.........   28%         3
 Slow                     Hex            #.......     36%         2
 Gell's Gravitas          Tloc           #.........   41%         3
 Confusing Touch          Hex            #.......     58%         3
 Ice Form                 Ice/Tmut       #.......     67%         4
 Blade Hands              Tmut           ##........   71%         5
 Yara's Violent Unravell  Hex/Tmut       #.........   95%         5
 Metabolic Englaciation   Hex/Ice        #.........   100%        5


Dungeon Overview and Level Annotations

Branches:
Dungeon (12/15)            Temple (1/1) D:4            Lair (0/6) D:10
    Orc (0/2) D:11

Altars:
Ashenzari
Cheibriados
Dithmenos
Elyvilon
Fedhas
Gozag
Hepliaklqana
Kikubaaqudgha
Makhleb
Nemelex Xobeh
Okawaru
Qazlal
Ru
Sif Muna
Trog
Uskayaw
Vehumet
Wu Jian
Xom
Yredelemnul
Zin
The Shining One
Beogh

Shops:
D:4 [   D:7 [   D:8 [


Innate Abilities, Weirdness & Mutations

You are too large for most types of armour.
You have claws for hands.
Your natural rate of healing is unusually fast.
You are covered in fur. (AC +1)
You have extremely tough skin. (AC +3)


Message History

The centaur warrior shoots an arrow.
The arrow closely misses you.
A red ugly thing comes into view.
The red ugly thing gurgles horribly!
A bullfrog comes into view.
The centaur warrior shoots an arrow.
The arrow barely misses you.
The centaur warrior shoots an arrow.
The arrow hits you!
The manticore flicks its tail.
The volley of spikes hits you!!
The barbed spikes become lodged in your body.
The centaur warrior shoots an arrow.
The arrow hits you!
* * * LOW HITPOINT WARNING * * *
You see here an arrow.
As you read the scroll of fog, it crumbles to dust.
The scroll dissolves into smoke.
The manticore flicks its tail.
The volley of spikes hits you!
The barbed spikes become lodged in your body.
* * * LOW HITPOINT WARNING * * *
The centaur warrior shoots an arrow.
The arrow hits you!!
You die...

######...........#
.........)........#
..................######
.............(..........
............#####.......
...?......((# #.....#' ,
....u.§..§.(# #.....#. ,
..FH..§§§§..# #.....#.
..#..§@§$..#* #.....#.
,,#.c§§§.............##
, ,
##....§.............. ,
#..............#+### , *
##............. , , , ,
* #........... ,, **,
##......... , ,
#........ , , , , , ,,


You could see a red ugly thing, a centaur warrior, a manticore and a bullfrog.

Vanquished Creatures
  Josephine (D:11)
  4 two-headed ogres
  Erica (D:11)
  Urug (D:11)
  3 hornets
  6 hippogriffs
  5 wraiths
  3 yaks (D:10)
  Duvessa (D:7)
  A water moccasin (D:9)
  3 black bears
  3 sky beasts
  11 orc warriors
  3 ice beasts
  A necrophage (D:10)
  An ogre (D:10)
  A phantom (D:6)
  7 centaurs
  A crocodile (D:11)
  2 big kobolds
  Dowan (D:7)
  A wyvern zombie (D:9)
  6 bullfrogs
  3 scorpions
  7 killer bees
  10 wights
  2 howler monkeys (D:4)
  An electric eel (D:8)
  3 centaur zombies
  A quasit (D:11)
  2 bullfrog zombies (D:9)
  6 hounds
  A bullfrog skeleton (D:5)
  5 jellies
  7 orc priests
  Jessica (D:2)
  An iguana (D:4)
  7 orc wizards
  9 worker ants
  A hound zombie (D:6)
  A worker ant zombie (D:6)
  A howler monkey zombie (D:8)
  17 adders
  A shadow imp (D:9)
  2 white imps
  An ufetubus (D:10)
  2 oozes
  3 dart slugs
  4 leopard geckos
  60 orcs
  2 giant cockroaches
  4 goblins
  11 hobgoblins
  18 jackals
  3 quokkas
  3 bats
  5 frilled lizards
  24 kobolds
  9 rats
305 creatures vanquished.

Vanquished Creatures (others)
  3 plants
3 creatures vanquished.

Grand Total: 308 creatures vanquished

Notes
Turn   | Place    | Note
-------+----------+-------------------------------------------
     0 | D:1      | KristoblXynda the Troll Hedge Wizard began the quest for
                  | the Orb.
     0 | D:1      | Reached XP level 1. HP: 16/16 MP: 2/2
    58 | D:1      | Reached skill level 1 in Conjurations
    60 | D:1      | Reached skill level 1 in Unarmed Combat
    71 | D:1      | Reached XP level 2. HP: 14/24 MP: 4/4
   298 | D:1      | Reached XP level 3. HP: 27/31 MP: 5/5
   319 | D:1      | You fall into a shaft and drop 1 floor!
   421 | D:2      | Reached skill level 2 in Unarmed Combat
   666 | D:2      | Noticed Jessica
   668 | D:2      | Killed Jessica
   668 | D:2      | Reached XP level 4. HP: 39/39 MP: 6/6
  1066 | D:2      | Found a shimmering blue altar of Sif Muna.
  1253 | D:3      | Found a faded altar of an unknown god.
  1294 | D:3      | Reached skill level 3 in Unarmed Combat
  1402 | D:3      | Reached XP level 5. HP: 45/45 MP: 7/7
  2109 | D:4      | Reached skill level 4 in Unarmed Combat
  2111 | D:4      | Reached XP level 6. HP: 40/53 MP: 8/8
  2320 | D:4      | Found Iteulout's Armour Boutique.
  2572 | D:4      | Found a staircase to the Ecumenical Temple.
  2632 | D:4      | Reached skill level 5 in Unarmed Combat
  2688 | Temple   | Entered the Ecumenical Temple
  2693 | Temple   | Became a worshipper of Ashenzari the Shackled
  3308 | D:5      | Entered Level 5 of the Dungeon
  3390 | D:5      | Reached XP level 7. HP: 59/59 MP: 9/9
  3817 | D:5      | Reached * piety under Ashenzari
  4741 | D:6      | Reached skill level 6 in Unarmed Combat
  4987 | D:6      | Reached XP level 8. HP: 65/67 MP: 10/10
  5007 | D:6      | Reached skill level 5 in Conjurations
  5270 | D:6      | Learned a level 4 spell: Petrify
  5350 | D:6      | Found a sparkling altar of Nemelex Xobeh.
  5563 | D:4      | Bought a +2 robe of resistance for 377 gold pieces
  5671 | D:7      | Found Keys's Armour Shoppe.
  5697 | D:7      | Reached skill level 7 in Unarmed Combat
  5881 | D:7      | Noticed Duvessa
  5881 | D:7      | Noticed Dowan
  5887 | D:7      | Killed Duvessa
  5891 | D:7      | Killed Dowan
  6092 | D:7      | Reached XP level 9. HP: 74/74 MP: 11/11
  6571 | D:8      | Reached ** piety under Ashenzari
  6612 | D:8      | Reached skill level 8 in Unarmed Combat
  6861 | D:8      | Noticed a two-headed ogre
  6880 | D:8      | Killed a two-headed ogre
  6880 | D:8      | Reached skill level 5 in Dodging
  6880 | D:8      | Reached skill level 9 in Unarmed Combat
  6933 | D:8      | Noticed a two-headed ogre
  6941 | D:8      | Killed a two-headed ogre
  6941 | D:8      | Reached XP level 10. HP: 46/81 MP: 12/12
  7222 | D:8      | Reached skill level 1 in Earth Magic
  7250 | D:8      | Found a roughly hewn altar of Beogh.
  7283 | D:8      | Found Jadaatt's Armour Shop.
  8242 | D:10     | Entered Level 10 of the Dungeon
  8242 | D:10     | Noticed a two-headed ogre
  8247 | D:10     | Killed a two-headed ogre
  8269 | D:10     | Found a staircase to the Lair.
  8338 | D:10     | Reached skill level 10 in Unarmed Combat
  8388 | D:10     | Reached *** piety under Ashenzari
  8783 | D:10     | Reached XP level 11. HP: 82/88 MP: 13/13
  9217 | D:10     | Reached skill level 1 in Transmutations
  9345 | D:11     | Noticed a two-headed ogre
  9361 | D:11     | Killed a two-headed ogre
  9744 | D:11     | Noticed Josephine
  9781 | D:11     | Killed Josephine
  9781 | D:11     | Reached skill level 5 in Earth Magic
 10277 | D:11     | Reached skill level 11 in Unarmed Combat
 10346 | D:11     | Found a staircase to the Orcish Mines.
 10471 | D:11     | Noticed Erica
 10474 | D:11     | Noticed Urug
 10480 | D:11     | Killed Erica
 10485 | D:11     | Killed Urug
 10530 | D:11     | Learned a level 3 spell: Mephitic Cloud
 10966 | D:12     | Noticed a centaur warrior
 10969 | D:12     | Noticed a red ugly thing
 10971 | D:12     | Shot with an arrow by a centaur warrior

Illustrated notes

Levels and vault maps discovered:
D:1:      dpeg_arrival_simpleton_b, layout_loops_ring,
          minmay_misc_feat_diagonals, corexii_corridor_pit
D:2:      cheibrodos_old_hovel, layout_loops_ring, lemuel_blue_sif_altar,
          kennysheep_jessica_study
D:3:      layout_basic, chequers_ecumenical_altar_simple_redux
D:4:      layout_loops_ring, temple_doors_e, serial_shops, nicolae_shop_stone,
          minmay_liquid_box
D:5:      layout_layer_cave
D:6:      layout_cave_pods, nemelex_lonely_heart_becter
D:7:      layout_basic, serial_shops, nicolae_shop_statue_plus, uniq_duvessa
D:8:      layout_basic, serial_shops, shop, special_room [special_room_orc],
          serial_bayou_ford_a
D:9:      layout_stronghold
D:10:     layout_basic, lair_entry_dummy
D:11:     layout_gridville, orc_0_dummy, due_unseen_surprise, uniq_josephine,
          uniq_urug, uniq_erica
D:12:     minmay_diamond_stairs, layout_irregular_city, minmay_holes,
          uniq_erolcha
Temple:   compressed_dpeg_triangle_lava_temple

Skill      XL: |  1  2  3  4  5  6  7  8  9 10 11 |
---------------+----------------------------------+-----
Conjurations   | 1 2 3 4 5 7 |  7.2
Unarmed Combat | 1 2 3 4 5 6 7 9 10 11 | 11.2
Dodging        | 3 5 7 8 |  8.1
Earth Magic    | 4 5 |  5.8
Transmutations | 3 |  3.1
Stealth        | |  1.0
Spellcasting   | |  2.0
Summonings     | |  0.6
Translocations | |  0.6

Action                   |  1- 3 |  4- 6 |  7- 9 | 10-12 || total
-------------------------+-------+-------+-------+-------++-------
Melee: Unarmed           |   124 |   189 |   309 |   468 ||  1090
       Punch             |       |     3 |     7 |    25 ||    35
Invok: Curse Item        |       |     2 |     1 |       ||     3
Evoke: Wand              |       |       |     5 |     7 ||    12
  Use: Scroll            |       |     3 |    12 |    11 ||    26
       Potion            |       |     1 |     3 |     2 ||     6
 Stab: Sleeping          |       |     1 |     4 |     2 ||     7
Armor: Robe              |    52 |    63 |   102 |   116 ||   333
       Skin              |       |       |    23 |    38 ||    61
Dodge: Dodged            |    74 |    83 |   127 |   299 ||   583

Table legend: (Time is in decaauts)
 A = Elapsed time spent in this place.
 B = Non-inter-level travel time spent in this place.
 C = Inter-level travel time spent in this place.
 D = Time resting spent in this place.
 E = Time spent auto-exploring this place.
 F = Levels seen in this place.
 G = Mean time per level.
                   A        B        C        D        E       F      G
               +--------+--------+--------+--------+--------+-----+--------+
         Total |  10877 |  10477 |    400 |   1111 |   6830 |  13 |  836.7 |
       Dungeon |  10486 |  10104 |    382 |   1111 |   6463 |  12 |  873.8 |
        Temple |    391 |    373 |     18 |      0 |    367 |   1 |  391.0 |
               +--------+--------+--------+--------+--------+-----+--------+

Top non-repeatable levels by time:
    D:11: 1481 daAuts
     D:5: 1203 daAuts
    D:10: 1071 daAuts
     D:6: 1048 daAuts
     D:4: 1000 daAuts
     D:7: 892 daAuts
     D:9: 852 daAuts
     D:8: 836 daAuts
     D:3: 819 daAuts
     D:2: 819 daAuts
  Temple: 391 daAuts
     D:1: 317 daAuts
    D:12: 142 daAuts
